 Dungeon Crawl Stone Soup version 0.30-a0-1160-g6e42c06551 (webtiles) character file.

Game seed: 7591822599161137454

296 ryw the Cudgeller (level 6, 0/47 HPs)
             Began as a Mummy Fighter on Apr 25, 2023.
             Slain by an orc priest
             ... wielding a +0 club
              (3 damage)
             ... on level 3 of the Dungeon.
             The game lasted 00:04:41 (2401 turns).

ryw the Cudgeller (Mummy Fighter)                   Turns: 2401, Time: 00:04:42

Health: 0/47       AC:  6    Str: 21    XL:     6   Next: 12%
Magic:  6/6        EV: 14    Int:  8    God:
Gold:   82         SH:  4    Dex: 11    Spells: 5/5 levels left

rFire   . . .        a - +0 flail
rCold   + . .        c - +0 buckler
rNeg    + + +        b - +0 scale mail
rPois   ∞            (no helmet)
rElec   .            (no cloak)
rCorr   .            (no gloves)
SInv    .            (no boots)
Will    .....        (no amulet) Stlth
                     d - ring of protection from fire
HPRegen 0.27/turn    p - +5 ring of evasion
MPRegen 0.10/turn

%: faith
@: no status effects
A: cold resistance 1, negative energy resistance 3, torment resistance 2, heat
vulnerability 1, in touch with death 1, no potions, faith
a: no special abilities


You were on level 3 of the Dungeon.
You visited 1 branch of the dungeon, and saw 3 of its levels.

You collected 82 gold pieces.

Inventory:

Hand Weapons
 a - a +0 flail (weapon)
 m - a +0 flail
Missiles
 j - 9 boomerangs (quivered)
Armour
 b - a +0 scale mail (worn)
 c - a +0 buckler (worn)
Jewellery
 d - a ring of protection from fire (left hand)
 e - a ring of see invisible
 g - an amulet of magic regeneration
 p - a +5 ring of evasion (right hand)
Wands
 o - a wand of flame (23)
Scrolls
 f - a scroll of fog
 i - 2 scrolls of amnesia
 k - a scroll of poison
 l - a scroll of enchant weapon
 n - a scroll of enchant armour {unknown}


   Skills:
 - Level 3.0 Fighting
 + Level 4.9 Maces & Flails
 - Level 2.0 Throwing
 - Level 2.4 Armour
 - Level 2.4 Shields


You had 5 spell levels left.
You didn't know any spells.
Your spell library contained the following spells:

 Spells                   Type           Power      Damage    Failure   Level
 Apportation              Tloc           0%         N/A       83%         1
 Necrotise                Necr           0%         1d4       83%         1
 Summon Small Mammal      Summ           0%         N/A       83%         1


Dungeon Overview and Level Annotations

Branches:
Dungeon (3/15)

Altars:
Xom

Shops:
D:1 (

Annotations:
D:2 1 runed translucent door, Crazy Yiuf


Innate Abilities, Weirdness & Mutations

You are immune to poison.
Your flesh is cold resistant. (rC+)
You are immune to negative energy. (rN+++)
You are immune to unholy pain and torment.
You are vulnerable to heat. (rF-)
You are in touch with the powers of death.
You do not drink.
You have a special connection with the divine. (Faith)


Message History

You kill the orc!
You have reached level 6!
You hit the orc priest.
The orc priest is heavily wounded.
Throw: 9 boomerangs
Press: ? - help, Q - select action, (/) - cycle Shift-Dir - straight line
Okay, then.
You closely miss the orc priest.
The orc priest is heavily wounded.
The orc priest closely misses you.
You barely miss the orc priest.
The orc priest is heavily wounded.
The orc priest casts a cantrip, but nothing happens.
The orc priest misses you. The orc priest closely misses you.
The orc priest mumbles some strange prayers to Beogh against you.
Beogh smites you!
You hit the orc priest but do no damage.
The orc priest is moderately wounded.
The orc priest hits you with a +0 whip.
The orc priest looks satisfied for a moment.
You sock the orc priest!
You kill the orc priest!
The orc priest mumbles some strange prayers to Beogh against you.
Beogh smites you!
* * * LOW HITPOINT WARNING * * *
You sock the orc priest!
The orc priest is heavily wounded.
The orc priest hits you but does no damage.
You barely miss the orc priest.
The orc priest is heavily wounded.
The orc priest misses you.
You closely miss the orc priest.
The orc priest is heavily wounded.
The orc priest mumbles some strange prayers to Beogh against you.
Beogh smites you!
* * * LOW HITPOINT WARNING * * *
You closely miss the orc priest.
The orc priest is heavily wounded.
The orc priest hits you with a +0 club.
You die...

$:...?.. #...#.....# .......#
####...#.....# ..)....
.......#.....# ###.###
.......#...((# #....<
..##..o.........#.....# ##..... #
........... #...#.....#........##
#...........#...#)...(...........
...............o@....# . #....
............#...##.#)# ..##...#
........... #... #.#.# ........
#.......... #### #.#.# ......#.
............######.#.####......#.
....#######...............#......
....# ...........#######....
....########..........#... #....
...........#..........#...###....


You could see an orc priest.

Vanquished Creatures
  Sigmund (D:3)
  An orc priest (D:3)
  3 adders
  3 worms (D:2)
  5 orcs (D:3)
  7 endoplasms
  3 giant cockroaches
  6 goblins
  6 hobgoblins
  10 jackals
  3 quokkas (D:1)
  4 ball pythons
  3 bats
  7 frilled lizards
  8 kobolds
  A rat (D:2)
71 creatures vanquished.

Notes
Turn   | Place    | Note
-------+----------+-------------------------------------------
     0 | D:1      | ryw the Mummy Fighter began the quest for the Orb.
     0 | D:1      | Reached XP level 1. HP: 18/18 MP: 1/1
   123 | D:1      | Reached skill level 2 in Maces & Flails
   176 | D:1      | Reached XP level 2. HP: 15/24 MP: 2/2
   547 | D:1      | Found Tiucib's Weapon Shoppe.
   618 | D:1      | Gained mutation: You are in touch with the powers of death.
                  | [Mummy growth]
   618 | D:1      | Reached XP level 3. HP: 29/29 MP: 3/3
   645 | D:1      | Reached skill level 3 in Maces & Flails
  1362 | D:2      | Reached XP level 4. HP: 29/35 MP: 4/4
  1707 | D:2      | Found a shimmering altar of Xom.
  1932 | D:2      | Found a runed translucent door.
  1933 | D:2      | Noticed Crazy Yiuf
  2185 | D:3      | Noticed Sigmund
  2285 | D:3      | Reached skill level 4 in Maces & Flails
  2335 | D:3      | Killed Sigmund
  2336 | D:3      | Reached XP level 5. HP: 26/41 MP: 5/5
  2392 | D:3      | Reached XP level 6. HP: 36/47 MP: 6/6
  2401 | D:3      | Slain by an orc priest

Illustrated notes

Levels and vault maps discovered:
D:1:      dpeg_arrival_another_circle, layout_loops_cross, serial_shops, shop,
          nicolae_figureground_pulse
D:2:      layout_loops_ring, basic_altar, st_stairs_2, uniq_crazy_yiuf_cottage
D:3:      layout_basic, uniq_sigmund

Skill      XL: |  1  2  3  4 |
---------------+-------------+-----
Maces & Flails | 2 3 4 |  4.9
Throwing       | 2 |  2.0
Fighting       | |  3.0
Armour         | |  2.4
Shields        | |  2.4

Action                     |  1- 3 |  4- 6 || total
---------------------------+-------+-------++-------
  Melee: Flail             |   151 |    95 ||   246
  Throw: Dart              |       |     6 ||     6
         Boomerang         |       |     1 ||     1
    Use: Scroll            |     2 |     2 ||     4
 Armour: Scale mail        |    93 |    36 ||   129
  Dodge: Dodged            |    85 |    79 ||   164
  Block: Buckler           |    24 |    16 ||    40

Table legend: (Time is in decaauts)
 A = Elapsed time spent in this place.
 B = Non-inter-level travel time spent in this place.
 C = Inter-level travel time spent in this place.
 D = Time resting spent in this place.
 E = Time spent auto-exploring this place.
 F = Levels seen in this place.
 G = Mean time per level.
                   A        B        C        D        E       F      G
               +--------+--------+--------+--------+--------+-----+--------+
         Total |   2468 |   2377 |     91 |      2 |   1742 |   3 |  822.7 |
       Dungeon |   2468 |   2377 |     91 |      2 |   1742 |   3 |  822.7 |
               +--------+--------+--------+--------+--------+-----+--------+

Top non-repeatable levels by time:
     D:1: 1122 daAuts
     D:2: 938 daAuts
     D:3: 407 daAuts
